cohdb
Replays
Latest Replays
All Replays
Popular Replays
Top Player Replays
Match Explorer
How It Works
Community
CoH3 Stats
Reddit
Sign in to upload your games and track your stats! →
Sign in with Steam
Match 43250181
Unlisted
Match 43250181
Overview
Messages
Build Orders
End
Kradschützen Motorcycle Team
250 Light Carrier
Panzergrenadier Squad
Panzergrenadier Squad
Construct Light Support Kompanie
Selects Panzerjäger Kommand Battlegroup
Selects Mine Fields
Combat Half-tracks
Panzerjäger Mechanized Group
MG34 Team
Selects Defensive Positions
Fire Support Elements
Panzerjäger Squad
Pak 38 Anti-tank Gun Team
Construct Panzerarmee Kommand
Vehicle Survival Package
Selects Butterfly Bomb Drop
Selects Tank Busters
Panzer III L Medium Tank
2.5-tonne Medical Truck
Selects Crew Shock Tactics
Tungsten Core Ammunition
Panzerpioneer Squad
Panzer III L Medium Tank
Emergency Repair Kits
Assault Mechanized Group
Selects Anti-tank Overwatch
2.5-tonne Medical Truck
Armored Reserves
Anti-tank Overwatch
Panzer III L Medium Tank
2.5-tonne Medical Truck
Crew Shock Tactics
Butterfly Bomb Drop
Panzerpioneer Squad
Anti-tank Overwatch
Tiger Heavy Tank
Butterfly Bomb Drop
Moltke1871
The black Templar
Manhandler
REJA_Rico
0
0
Comments
sign in to comment!
No comments posted yet!